 Dungeon Crawl Stone Soup version 0.28-a0-261-gc0b50483a2 (webtiles) character file.

Game seed: 2060245111807304220

12153 Conn the Thaumaturge (level 11, -1/67 HPs)
             Began as an Octopode Ice Elementalist on Aug 23, 2021.
             Was a Believer of Sif Muna.
             Slain by an orc (4 damage)
             ... on level 2 of the Orcish Mines on Aug 27, 2021.
             The game lasted 01:03:28 (13332 turns).

Conn the Thaumaturge (Octopode Ice Elementalist)   Turns: 13332, Time: 01:03:29

Health: -1/67      AC:  1    Str: 11    XL:     11   Next: 88%
Magic:  12/25      EV: 30    Int: 20    God:    Sif Muna [**....]
Gold:   1517       SH:  0    Dex: 20    Spells: 5/30 levels left

rFire   . . .      SeeInvis .   t - +8 dagger of Focus {speed, rPois rC- Str+4 Dex+6}
rCold   x . .      Faith    .   (no shield)
rNeg    . . .      Spirit   .   (helmet restricted)
rPois   +          Reflect  .   q - amulet of the acrobat
rElec   .          Harm     .   v - ring of wizardry
rCorr   .          Rampage  .   y - ring of poison resistance
Will    .....                   (no ring)
Stlth   +++++.....              (no ring)
HPRegen 0.21/turn               (no ring)
MPRegen 0.19/turn               (no ring)
                                (no ring)
                                (no ring)

@: acrobatic
A: almost no armour, amphibious, 8 rings, camouflage 1, gelatinous body 1,
(nimble swimmer 1), tentacles
a: Renounce Religion, Channel Magic


You were on level 2 of the Orcish Mines.
You worshipped Sif Muna.
Sif Muna was pleased with you.
You visited 3 branches of the dungeon, and saw 12 of its levels.

You collected 1547 gold pieces.
You spent 30 gold pieces at shops.

Inventory:

Hand Weapons
 h - a +2 dagger of protection
 t - the +8 dagger of Focus (weapon) {speed, rPois rC- Str+4 Dex+6}
   (You found it on level 5 of the Dungeon)

   Attacks with this weapon are significantly faster.
   Str:       It affects your strength (+4).
   Dex:       It affects your dexterity (+6).
   rC:        It makes you vulnerable to cold.
   rPois:     It protects you from poison.
Armour
 j - a +0 buckler
Magical Staves
 b - a staff of earth
Jewellery
 q - an amulet of the acrobat (around mantle)
 v - a ring of wizardry (left tentacle)
 y - a ring of poison resistance (right tentacle)
Wands
 e - a wand of polymorph (13)
 B - a wand of mindburst (11)
 D - a wand of iceblast (2)
Scrolls
 c - 2 scrolls of amnesia
 f - 2 scrolls of magic mapping
 s - 3 scrolls of enchant armour
 w - 2 scrolls of vulnerability
 A - 3 scrolls of teleportation
 C - 3 scrolls of fog
Potions
 d - 2 potions of curing
 l - 3 potions of brilliance
 m - a potion of magic
 o - a potion of lignification
 r - a potion of attraction
 x - a potion of might {unknown}


   Skills:
 + Level 3.3 Fighting
 + Level 3.8 Short Blades
 + Level 4.3 Dodging
 + Level 6.8 Stealth
 + Level 0.1 Unarmed Combat
 + Level 10.0 Spellcasting
 + Level 4.3 Conjurations
 + Level 3.1 Hexes
 + Level 2.5 Summonings
 + Level 7.8 Fire Magic
 + Level 8.8 Ice Magic
 * Level 3.1 Invocations


You had 5 spell levels left.
You knew the following spells:

 Your Spells              Type           Power      Damage    Failure   Level
a - Freeze                Ice            100%       1d11      1%          1
b - Frozen Ramparts       Ice            90%        1d11      1%          3
c - Ozocubu's Armour      Ice            45%        N/A       1%          3
d - Foxfire               Conj/Fire      100%       2x1d9     1%          1
e - Conjure Flame         Conj/Fire      34%        6-21      1%          3
f - Inner Flame           Hex/Fire       31%        N/A       1%          3
g - Hailstorm             Conj/Ice       36%        3d9       1%          4
h - Summon Guardian Gole  Hex/Summ       21%        N/A       2%          3
i - Sticky Flame          Conj/Fire      34%        2d5       2%          4

Your spell library contained the following spells:

 Spells                   Type           Power      Damage    Failure   Level
 Summon Small Mammal      Summ           80%        N/A       1%          1
 Beastly Appendage        Tmut           20%        N/A       2%          1
 Ignite Poison            Fire/Tmut/Pois 20%        N/A       2%          3
 Call Canine Familiar     Summ           20%        N/A       3%          3
 Corpse Rot               Necr/Air       N/A        N/A       4%          2
 Poisonous Vapours        Pois/Air       20%        N/A       4%          2
 Wereblood                Tmut           10%        N/A       4%          2
 Metabolic Englaciation   Hex/Ice        16%        N/A       7%          5
 Cause Fear               Hex            11%        N/A       8%          4
 Spider Form              Tmut/Pois      5%         N/A       9%          3
 Freezing Cloud           Conj/Ice/Air   13%        6-21      13%         5
 Dispel Undead            Necr           10%        3d9       26%         4
 Passage of Golubria      Tloc           N/A        N/A       26%         4
 Silence                  Hex/Air        8%         N/A       38%         5
 Simulacrum               Ice/Necr       13%        N/A       52%         6
 Death Channel            Necr           5%         N/A       98%         6
 Discord                  Hex            11%        N/A       100%        8
 Lehudib's Crystal Spear  Conj/Erth      9%         10d4      100%        8


Dungeon Overview and Level Annotations

Branches:
Dungeon (9/15)             Temple (1/1) D:6             Orc (2/2) D:9
   Lair: D:8-11         Elf: Orc:2

Altars:
Cheibriados
Elyvilon
Makhleb
Ru
Sif Muna
Wu Jian
Xom
Zin
The Shining One

Shops:
D:4 [!*   Orc:2 **=

Annotations:
D:6 1 runed translucent door, FIQ's ghost, novice TrMo


Innate Abilities, Weirdness & Mutations

You cannot wear most types of armour.
You are amphibious.
You can wear up to eight rings at the same time.
Your skin changes colour to match your surroundings (Stealth+).
Your rubbery body absorbs attacks. (AC +1, EV +1)
((You are camouflaged near water. (Stealth+)))
You have tentacles for arms and can constrict up to eight enemies at once.


Message History

You hear a shout!
The orc knight roars a battlecry!
The orcs go into a battle-frenzy!
An orc comes into view. It is wielding a +0 dagger.
The orc wizard gestures at you while chanting.
The puff of flame hits you!
* * * LOW HITPOINT WARNING * * *
Okay, then.
Okay, then.
Okay, then.
Okay, then.
An ogre comes into view. It is wielding a +0 giant club.
An ogre comes into view. It is wielding a +0 giant club.
An orc warrior comes into view. It is wielding a +0 dire flail.
The two-headed ogre misses you. x2; The orc wizard closely misses you.
The orc priest invokes the aid of Beogh against you.
Beogh smites you!
* * * LOW HITPOINT WARNING * * *
Okay, then.
The orc priest looks braver for a moment.
The orc knight roars a battlecry!
The orc goes into a battle-frenzy!
The orc completely misses you.
The orc wizard mumbles some strange words.
The orc wizard flickers and vanishes!
An orc wizard comes into view. It is wielding a +0 dagger of venom.
The orc wizard shouts!
The ogre shouts!
You hear a shout!
The orc knight roars a battlecry!
The orc warrior goes into a battle-frenzy!
The orc priest miscasts a cantrip.
The orc warrior barely misses you.
You hear a shout!
An ogre comes into view. It is wielding a +0 giant spiked club.
Found Jaumew's Assorted Antiques.
Press: ? - help, v - describe, . - travel
Here: an orc priest, wielding a +0 hand axe and wearing a +0 ring mail (strong)
The floor.
Okay, then.
The orc hits you with a +0 dagger.
You die...

#.....# #..$
#...#.##..... #...
#.<.......#... ##...
##............# #....
##..............#...
##.)[.......##.#....
#...#.......#.#.....
#.#.O..............
##O@.O..O...........
##...oO.TO#........§.
...T....Oo...........#.
...#...∩...OO...........
.∩.Oo.....CT.o..........
............OOo........
.............o.........
.......................
.....................


You could see an orc knight, 4 two-headed ogres, a cyclops, 3 trolls, an orc
warrior (strong), 8 ogres, an orc priest (strong), 2 orc wizards and an orc
(strong).

Vanquished Creatures
  An ogre mage (Orc:2)
  A centaur warrior (D:8)
  A two-headed ogre (D:8)
  A deep troll (Orc:2)
  A cyclops (Orc:1)
  An orc sorcerer (Orc:1)
  Maggie (D:8)
  4 trolls
  A hornet (D:9)
  6 yaks
  2 steam dragons (D:8)
  A warg (Orc:1)
  A water moccasin (D:6)
  A sky beast (D:6)
  A hornet zombie (D:8)
  9 orc warriors
  3 ice beasts
  10 ogres
  2 centaurs
  3 bullfrogs
  Blork the orc (D:4)
  A gnoll sergeant (D:9)
  5 kobold brigands (D:9)
  A water moccasin zombie (D:7)
  9 killer bees
  A howler monkey (D:6)
  A bullfrog zombie (D:6)
  4 orc priests
  3 hounds
  A jelly (D:5)
  A bullfrog skeleton (D:5)
  2 gnoll shamans
  An iguana (D:6)
  10 orc wizards
  Ijyb (D:4)
  Natasha (thrice) (D:4)
  2 hound skeletons
  Robin (D:2)
  12 gnolls
  5 adders
  3 white imps
  2 dart slugs
  29 orcs
  7 endoplasms
  3 giant cockroaches
  19 goblins
  9 hobgoblins
  7 kobolds
  7 quokkas
  7 ball pythons
  4 bats
  6 frilled lizards
  3 rats
222 creatures vanquished.

Vanquished Creatures (others)
  Nergalle (Orc:1)
  A deep troll (Orc:2)
  An orc knight (Orc:1)
  A warg (Orc:2)
  An orc warrior (Orc:1)
  An ogre (Orc:2)
  2 orc wizards (Orc:1)
  An orc (Orc:1)
  310 foxfires
  2 withered plants (D:6)
321 creatures vanquished.

Grand Total: 543 creatures vanquished

Notes
Turn   | Place    | Note
-------+----------+-------------------------------------------
     0 | D:1      | Conn the Octopode Ice Elementalist began the quest for the
                  | Orb.
     0 | D:1      | Reached XP level 1. HP: 11/11 MP: 3/3
   358 | D:1      | Reached XP level 2. HP: 17/17 MP: 0/5
   585 | D:1      | Found a faded altar of an unknown god.
  1542 | D:2      | Reached XP level 3. HP: 20/21 MP: 0/6
  1546 | D:2      | Learned a level 3 spell: Frozen Ramparts
  1550 | D:2      | Learned a level 3 spell: Ozocubu's Armour
  1621 | D:2      | Found a shimmering altar of Xom.
  1721 | D:2      | Noticed Robin
  2264 | D:2      | Reached XP level 4. HP: 24/27 MP: 3/8
  2363 | D:2      | Killed Robin
  2364 | D:2      | Reached skill level 3 in Spellcasting
  2413 | D:2      | Upgraded the game from 0.28-a0-239-g68911e0c57 to
                  | 0.28-a0-261-gc0b50483a2
  3203 | D:3      | Reached XP level 5. HP: 26/32 MP: 7/9
  3213 | D:3      | Learned a level 1 spell: Foxfire
  3799 | D:3      | Reached skill level 5 in Ice Magic
  4002 | D:4      | Noticed Ijyb
  4014 | D:4      | Killed Ijyb
  4015 | D:4      | Reached skill level 1 in Fire Magic
  4072 | D:4      | Reached skill level 1 in Fighting
  4072 | D:4      | Reached XP level 6. HP: 26/38 MP: 9/11
  4345 | D:4      | Noticed Natasha
  4349 | D:4      | Killed Natasha
  4586 | D:4      | Noticed Blork the orc
  4596 | D:4      | Killed Blork the orc
  4684 | D:4      | Found Tacsiqed's Antique Armour Boutique.
  4685 | D:4      | Found Hitocawu's Distillery.
  4697 | D:4      | Found Myda Zopp's General Store.
  4709 | D:4      | Bought a potion of lignification for 30 gold pieces
  4983 | D:4      | Noticed Natasha
  4989 | D:4      | Killed Natasha
  5069 | D:4      | Learned a level 3 spell: Conjure Flame
  5078 | D:5      | Entered Level 5 of the Dungeon
  5257 | D:5      | Reached skill level 1 in Short Blades
  5257 | D:5      | Reached skill level 4 in Spellcasting
  5257 | D:5      | Reached XP level 7. HP: 17/43 MP: 0/13
  5267 | D:4      | Noticed Natasha
  5469 | D:4      | Killed Natasha
  5583 | D:5      | Reached skill level 1 in Conjurations
  6209 | D:5      | Identified the +8 dagger of Focus {speed, rPois rC- Str+4
                  | Dex+6}
  6405 | D:6      | Learned a level 3 spell: Inner Flame
  6549 | D:6      | Reached skill level 5 in Spellcasting
  6771 | D:6      | Reached XP level 8. HP: 48/48 MP: 10/15
  7225 | D:6      | Found a staircase to the Ecumenical Temple.
  7238 | D:6      | HP: 2/48 [killer bee (9)]
  7858 | D:6      | Reached skill level 6 in Spellcasting
  7939 | D:6      | Found a runed translucent door.
  7940 | D:6      | Noticed FIQ's ghost (novice TrMo)
  8029 | D:6      | Learned a level 4 spell: Hailstorm
  8048 | D:7      | Identified a scroll of acquirement
  8048 | D:7      | Acquired 450 gold pieces
  8207 | D:7      | Reached XP level 9. HP: 48/54 MP: 18/18
  8691 | Temple   | Entered the Ecumenical Temple
  8734 | Temple   | Became a worshipper of Sif Muna the Loreminder
  8810 | D:8      | Noticed a centaur warrior
  8816 | D:8      | Killed a centaur warrior
  8817 | D:8      | Reached skill level 5 in Stealth
  8817 | D:8      | Reached skill level 7 in Spellcasting
  8817 | D:8      | Reached skill level 5 in Fire Magic
  9040 | D:8      | Noticed a two-headed ogre
  9050 | D:8      | Killed a two-headed ogre
  9224 | D:7      | Reached XP level 10. HP: 8/62 MP: 15/21
  9601 | D:8      | Noticed Maggie
  9607 | D:8      | Killed Maggie
  9608 | D:8      | Reached skill level 8 in Spellcasting
 10031 | D:8      | Reached skill level 1 in Hexes
 10587 | D:9      | Identified the +0 leather armour of Heefe {Rampage Drain
                  | +Blink}
 10666 | D:9      | Found the +5 demon whip "Spellbinder" {antimagic, Will+}
 10677 | D:9      | Reached skill level 9 in Spellcasting
 10785 | D:9      | Paralysed by a hornet for 3 turns
 11019 | D:9      | Learned a level 3 spell: Summon Guardian Golem
 11024 | D:9      | Learned a level 4 spell: Sticky Flame
 11167 | D:9      | Found a staircase to the Orcish Mines.
 11173 | D:9      | Reached skill level 1 in Summonings
 11173 | D:9      | Reached * piety under Sif Muna
 11176 | D:9      | Reached XP level 11. HP: 48/67 MP: 0/24
 11306 | Orc:1    | Entered Level 1 of the Orcish Mines
 11308 | Orc:1    | Noticed Nergalle
 11319 | Orc:1    | Killed Nergalle
 11629 | Orc:2    | Entered Level 2 of the Orcish Mines
 11843 | Orc:2    | Noticed an ogre mage
 11971 | Orc:2    | Noticed a deep troll
 12208 | Orc:1    | Noticed a cyclops
 12233 | Orc:1    | Killed a cyclops
 12234 | Orc:1    | Reached skill level 1 in Invocations
 12772 | Orc:2    | Noticed an ogre mage
 12772 | Orc:2    | Noticed an orc knight
 12774 | Orc:2    | Noticed a two-headed ogre
 12775 | Orc:2    | Killed an ogre mage
 12775 | Orc:2    | Reached ** piety under Sif Muna
 12777 | Orc:2    | Noticed a two-headed ogre
 12778 | Orc:2    | Noticed a cyclops
 12863 | Orc:1    | Noticed an orc sorcerer
 12870 | Orc:1    | Killed an orc sorcerer
 12894 | Orc:1    | Noticed an orc knight
 12918 | Orc:1    | Killed an orc knight
 13165 | Orc:2    | Noticed a deep troll
 13182 | Orc:2    | Killed a deep troll
 13256 | Orc:2    | Killed a deep troll
 13277 | Orc:2    | Reached skill level 10 in Spellcasting
 13323 | Orc:2    | Found Dazxusa's Jewellery Boutique.
 13323 | Orc:2    | Noticed a two-headed ogre
 13323 | Orc:2    | Noticed a two-headed ogre
 13323 | Orc:2    | Noticed a two-headed ogre
 13324 | Orc:2    | Noticed a two-headed ogre
 13325 | Orc:2    | Found Emuow's General Store.
 13327 | Orc:2    | HP: 2/67 [orc priest/divine providence (8)]
 13331 | Orc:2    | Found Jaumew's Assorted Antiques.
 13332 | Orc:2    | Slain by an orc

Illustrated notes

Levels and vault maps discovered:
D:1:      pf_arrival_petrified_forest, layout_basic,
          ebering_ecumenical_altar_box
D:2:      minmay_chambers_of_twos, layout_basic, basic_altar,
          kennysheep_generic_room_5, uniq_robin
D:3:      layout_basic, minmay_misc_feat_cross
D:4:      layout_loops_ring, nicolae_wooded_promenade, hex_large, uniq_ijyb,
          uniq_blork_the_orc, uniq_natasha
D:5:      cheibrodos_helix_gallery, layout_loops_ring, minmay_misc_feat_encased,
          chequers_big_river
D:6:      layout_loops_ring, minmay_temple_entry_grid, gammafunk_ghost_grave,
          bh_walls_and_bars
D:7:      layout_rooms
D:8:      layout_gridville, enter_bailey_6, amcnicky_mini_rare_corridor_liquid,
          minmay_quadrilaterals, uniq_maggie
D:9:      layout_loops_ring, kennysheep_orc_monster_closet_entryway
Temple:   minmay_crystal_snake_temple
Orc:1:    layout_caves, uniq_nergalle
Orc:2:    st_orc_open, layout_caves, serial_shops, nicolae_shop_waterfront

Skill      XL: |  1  2  3  4  5  6  7  8  9 10 11 |
---------------+----------------------------------+-----
Stealth        | 3 4 5 6 |  6.8
Spellcasting   | 3 4 5 6 7 9 10 | 10.0
Ice Magic      | 5 6 7 8 |  8.8
Fire Magic     | 1 2 3 4 5 6 7 |  7.8
Fighting       | 1 2 3 |  3.3
Short Blades   | 1 2 3 |  3.8
Conjurations   | 1 2 3 4 |  4.3
Dodging        | 3 4 |  4.3
Hexes          | 1 3 |  3.1
Summonings     | 1 2 |  2.5
Invocations    | 3 |  3.1
Unarmed Combat | |  0.1

Action                   |  1- 3 |  4- 6 |  7- 9 | 10-12 || total
-------------------------+-------+-------+-------+-------++-------
Melee: Unarmed           |    13 |     3 |       |       ||    16
       Constrict         |     7 |     7 |     8 |     9 ||    31
       Tentacles         |     2 |     4 |    14 |     8 ||    28
       Dagger            |       |    44 |    57 |    59 ||   160
       Punch             |       |       |       |     1 ||     1
 Cast: Freeze            |    45 |    31 |    26 |    24 ||   126
       Frozen Ramparts   |     1 |    14 |    12 |     7 ||    34
       Ozocubu's Armour  |       |     3 |     9 |    11 ||    23
       Foxfire           |       |    16 |    78 |    85 ||   179
       Inner Flame       |       |       |     5 |     6 ||    11
       Hailstorm         |       |       |       |    13 ||    13
       Conjure Flame     |       |       |       |     1 ||     1
       Summon Guardian G |       |       |       |    14 ||    14
       Sticky Flame      |       |       |       |    10 ||    10
Invok: Channel Magic     |       |       |       |     1 ||     1
Evoke: Wand              |       |       |       |     1 ||     1
  Use: Scroll            |       |     2 |    11 |     9 ||    22
       Potion            |       |       |     3 |     9 ||    12
 Stab: Sleeping          |       |     5 |     5 |    10 ||    20
Armor: Skin              |     4 |     2 |     8 |    14 ||    28
Dodge: Dodged            |    33 |    42 |    83 |    83 ||   241

Table legend: (Time is in decaauts)
 A = Elapsed time spent in this place.
 B = Non-inter-level travel time spent in this place.
 C = Inter-level travel time spent in this place.
 D = Time resting spent in this place.
 E = Time spent auto-exploring this place.
 F = Levels seen in this place.
 G = Mean time per level.
                   A        B        C        D        E       F      G
               +--------+--------+--------+--------+--------+-----+--------+
         Total |  13285 |  12950 |    335 |   2480 |   7676 |  12 | 1107.1 |
       Dungeon |  11201 |  10900 |    301 |   1497 |   7079 |   9 | 1244.6 |
        Temple |     77 |     43 |     34 |      0 |     32 |   1 |   77.0 |
  Orcish Mines |   2006 |   2006 |      0 |    983 |    565 |   2 | 1003.0 |
               +--------+--------+--------+--------+--------+-----+--------+

Top non-repeatable levels by time:
   Orc:1: 1770 daAuts
     D:1: 1503 daAuts
     D:6: 1460 daAuts
     D:4: 1374 daAuts
     D:5: 1370 daAuts
     D:2: 1358 daAuts
     D:8: 1076 daAuts
     D:3: 1063 daAuts
     D:9: 1043 daAuts
     D:7: 950 daAuts
   Orc:2: 235 daAuts
  Temple: 77 daAuts
